 Dungeon Crawl Stone Soup version 0.32-a0-872-g59262bdc9b (webtiles) character file.

Game seed: 1280192798860940018

1738 601d51SH the Slasher (level 9, -1/61 HPs)
             Began as a Human Fighter on Mar 30, 2024.
             Was a Follower of Hepliaklqana.
             Succumbed to a scorpion's poison
             ... on level 5 of the Dungeon.
             The game lasted 00:21:01 (4298 turns).

601d51SH the Slasher (Human Fighter)                Turns: 4298, Time: 00:21:02

Health: -1/61      AC: 10    Str: 21    XL:     9   Next: 5%
Magic:  9/9        EV: 25    Int:  8    God:    Hepliaklqana [*.....]
Gold:   113        SH:  5    Dex: 13    Spells: 8/8 levels left

rFire   . . .        E - +2 falchion (elec)
rCold   . . .        c - +0 buckler
rNeg    . . .        b - +0 scale mail
rPois   .            (no helmet)
rElec   .            (no cloak)
rCorr   +            (no gloves)
SInv    .            n - +2 pair of boots
Will    .....        h - amulet of the acrobat Stlth
                     q - ring of resist corrosion
HPRegen 0.30/turn    (no ring)
MPRegen 0.11/turn

%: acrobat
@: mighty, lethally poisoned (-1 -> -2), acrobatic, very slow
A: reduced essence, explore regen
a: Renounce Religion, Recall Ancestor, Ancestor Identity


You were on level 5 of the Dungeon.
You worshipped Hepliaklqana.
Hepliaklqana was aware of your devotion.
You visited 1 branch of the dungeon, and saw 5 of its levels.
You also visited: Sewer.

You collected 245 gold pieces.
You spent 132 gold pieces at shops.

Inventory:

Hand Weapons
 a - a +0 long sword
 f - a +0 sling
 i - a +0 long sword
 p - a +1 dagger of holy wrath
 x - a +1 mace of holy wrath
 D - a +0 whip
 E - a +2 falchion of electrocution (weapon)
 G - a +5 short sword
 H - a +2 short sword
 I - a +3 falchion
 M - a +1 dagger of draining
 P - a +0 whip
 Q - a +2 short sword of freezing
Missiles
 y - 2 boomerangs (quivered)
 F - a throwing net
 K - 7 stones
 N - 27 poisoned darts
 R - a curare-tipped dart
Armour
 b - a +0 scale mail (worn)
 c - a +0 buckler (worn)
 k - a +0 scale mail
 n - a +2 pair of boots (worn)
 o - a +0 ring mail
 s - a +0 pair of gloves
Jewellery
 h - an amulet of the acrobat (around neck)
 q - a ring of resist corrosion (left hand)
Scrolls
 e - 4 scrolls of teleportation {unknown}
 l - 4 scrolls of fear {unknown}
 m - a scroll of acquirement {unknown}
 r - 3 scrolls of enchant weapon {unknown}
 v - 2 scrolls of identify {unknown}
 w - a scroll of fog {unknown}
 C - a scroll of butterflies {unknown}
 L - a scroll of poison {unknown}
 O - a scroll of blinking {unknown}
Potions
 d - a potion of might
 g - 3 potions of enlightenment {unknown}
 j - a potion of cancellation {unknown}
 t - 2 potions of mutation {unknown}
 u - a potion of invisibility {unknown}
 z - a potion of lignification {unknown}
 A - a potion of degeneration {unknown}
 B - 3 potions of heal wounds {unknown}
 J - a potion of berserk rage {unknown}
 S - a potion of brilliance {unknown}


   Skills:
 + Level 5.0 Fighting
 + Level 7.0 Long Blades
 + Level 1.5 Throwing
 + Level 5.7 Armour
 + Level 3.4 Dodging
 + Level 0.3 Stealth
 + Level 5.6 Shields


You had 8 spell levels left.
You didn't know any spells.
Your spell library contained the following spells:

 Spells                   Type           Power      Damage    Failure   Level
 Cigotuvi's Dreadful Rot  Necr/Alch/Air  0%         N/A       90%         2
 Ignite Poison            Fire/Alch      0%         N/A       100%        4
 Freezing Cloud           Conj/Ice/Air   0%         6-21      100%        5


Dungeon Overview and Level Annotations

Branches:
Dungeon (5/15)              Sewer (visited)
 Temple: D:4-7

Altars:
Hepliaklqana
Sif Muna

Shops:
D:4 (


Innate Abilities, Weirdness & Mutations

Your life essence is reduced to manifest your ancestor. (-10% HP)
You regain HP and MP as you explore.


Message History

The giant cockroach waves its antennae.
The giant cockroach closely misses you. The iguana closely misses you.
Tanna misses the giant cockroach.
The giant cockroach closely misses Tanna.
Your Long Blades skill increases to level 7!
Your unstable footing causes you to fumble your attack.
You feel sick. You block the orc's attack.
The giant cockroach barely misses you. The iguana misses you.
Tanna hits the giant cockroach!
The giant cockroach dies!
The ogre closely misses you.
Your unstable footing causes you to fumble your attack.
You feel sick. You block the giant cockroach's attack.
You block the orc's attack. The iguana bites you!
Tanna hits the iguana.
Your unstable footing causes you to fumble your attack.
You feel sick.
The giant cockroach bites you but does no damage.
The orc splashes around in the water.
The ogre closely misses you. The iguana bites you.
Tanna misses the iguana.
The giant cockroach closely misses you.
You slash the ogre!
The ogre is heavily wounded.
You feel sick. The orc closely misses you.
The iguana bites you but does no damage.
The giant cockroach bites you but does no damage.
Tanna barely misses the iguana.
The ogre barely misses you.
Your unstable footing causes you to fumble your attack.
You feel sick.
The orc splashes around in the water.
The giant cockroach bites you but does no damage.
The iguana barely misses you.
Tanna closely misses the iguana.
Your unstable footing causes you to fumble your attack.
You feel sick.
The orc splashes around in the water.
The giant cockroach barely misses you.
The ogre hits you with a +0 giant spiked club!
* * * LOW HITPOINT WARNING * * *
The iguana bites you!
* * * LOW HITPOINT WARNING * * *
Tanna barely misses the iguana.
You die...
Hepliaklqana delivers you to your ancestors.

#...s.l..# #w# #
..#####.####.#)# #.# #
....)........#.# #.# #
.
.........O...#.###.###
#.
#.......o#####.W.osW.O
#.. #.######l#
#####....
#.##.#~~~~#W# #####
#(.#.#~R~~#.# #
#....#lB@~#.# #
#..#.'O††~#.## #
#....#o~~~#..### #
#.##.######....# # #
#S...S.W.##.# #
#.....#####.## ...
#..#### #.# ### #. ...
#####


You could see the friendly Tanna the ancestor, an ogre (ally target), an iguana,
an orc and a giant cockroach.

Vanquished Creatures
  Pikel (D:5)
  An ogre (D:5)
  2 phantoms (D:5)
  2 kobold brigands (Sewer)
  A brain worm (Sewer)
  3 scorpions
  4 wights (D:4)
  3 hounds
  An orc priest (D:5)
  A jelly (D:4)
  2 iguanas
  4 gnolls
  11 adders
  2 river rats (Sewer)
  6 ribbon worms
  4 dart slugs
  6 orcs
  7 ball pythons
  14 endoplasms
  3 giant cockroaches
  3 goblins
  7 hobgoblins
  14 jackals
  10 kobolds
  6 quokkas
  6 bats
  3 frilled lizards
  8 rats
135 creatures vanquished.

Vanquished Creatures (collateral kills)
  An adder (Sewer)
  A ball python (D:5)
  2 giant cockroaches (D:5)
  2 kobolds (Sewer)
  2 rats
8 creatures vanquished.

Grand Total: 143 creatures vanquished

Notes
Turn   | Place    | Note
-------+----------+-------------------------------------------
     0 | D:1      | 601d51SH the Human Fighter began the quest for the Orb.
     0 | D:1      | Reached XP level 1. HP: 18/18 MP: 1/1
   108 | D:1      | Reached XP level 2. HP: 24/24 MP: 2/2
   669 | D:1      | Reached XP level 3. HP: 29/29 MP: 3/3
   828 | D:2      | Found a faded altar of an unknown god.
  1120 | D:2      | Reached skill level 3 in Long Blades
  1125 | D:2      | Reached XP level 4. HP: 14/35 MP: 4/4
  1992 | D:3      | Reached XP level 5. HP: 42/42 MP: 5/5
  2414 | D:4      | Found Amytuak's Antique Weapon Shoppe.
  2441 | D:4      | Bought a glowing falchion for 132 gold pieces
  2527 | D:4      | Reached skill level 4 in Long Blades
  2527 | D:4      | Reached skill level 1 in Dodging
  2527 | D:4      | Reached XP level 6. HP: 6/48 MP: 6/6
  2809 | D:4      | Reached skill level 1 in Throwing
  2809 | D:4      | Reached XP level 7. HP: 42/54 MP: 7/7
  2939 | D:4      | Reached skill level 5 in Long Blades
  3004 | D:4      | Found a faded altar of an unknown god.
  3004 | D:4      | Found a hazy altar of Hepliaklqana.
  3006 | D:4      | Found a faded altar of an unknown god.
  3042 | D:4      | Became a worshipper of Hepliaklqana the Forgotten
  3430 | D:5      | Entered Level 5 of the Dungeon
  3564 | D:5      | Found Daedgh Vumoi's Book Emporium.
  3570 | D:5      | Found a shimmering blue altar of Sif Muna.
  3663 | D:5      | Noticed Pikel
  3673 | D:5      | Killed Pikel
  3674 | D:5      | Reached skill level 6 in Long Blades
  3674 | D:5      | Reached skill level 5 in Armour
  3674 | D:5      | Reached XP level 8. HP: 37/61 MP: 8/8
  3694 | D:5      | Found a glowing drain.
  3719 | Sewer    | Entered a sewer
  3813 | Sewer    | Reached skill level 5 in Shields
  3920 | Sewer    | Reached * piety under Hepliaklqana
  4284 | D:5      | Reached skill level 5 in Fighting
  4284 | D:5      | Reached XP level 9. HP: 49/61 MP: 9/9
  4292 | D:5      | Reached skill level 7 in Long Blades
  4297 | D:5      | HP: 1/61 [iguana (8)]
  4298 | D:5      | Succumbed to a scorpion's poison

Illustrated notes

Levels and vault maps discovered:
D:1:      minmay_arrival_four_houses, layout_loops_ring
D:2:      layout_basic, serial_rivers, chequers_serial_rivers_micro_e,
          chequers_serial_rivers_marsh, chequers_serial_rivers_small_a,
          chequers_serial_rivers_room_b, chequers_serial_rivers_small_b,
          nicolae_ecumenical_oubliette, kennysheep_another_room
D:3:      minmay_bubble_buster, layout_basic, grunt_decor_cap,
          small_statue_intersection
D:4:      layout_basic, nicolae_hepliaklqana_ecumenical_no_more, serial_shops,
          shop, kennysheep_generic_room_7
D:5:      layout_loops_ring, mainiacjoe_overflow_cross_hatched, serial_shops,
          shop, portal_sewer_entry_c, uniq_pikel

Skill      XL: |  1  2  3  4  5  6  7  8  9 |
---------------+----------------------------+-----
Long Blades    | 3 4 6 7 |  7.0
Armour         | 4 5 |  5.7
Dodging        | 1 2 3 |  3.4
Fighting       | 4 5 |  5.0
Throwing       | 1 |  1.5
Shields        | 4 5 |  5.6
Stealth        | |  0.3

Action                     |  1- 3 |  4- 6 |  7- 9 || total
---------------------------+-------+-------+-------++-------
  Melee: Long sword        |   139 |   153 |       ||   292
         Falchion          |       |    47 |   209 ||   256
  Throw: Stone             |     1 |    12 |       ||    13
         Boomerang         |       |     8 |     8 ||    16
    Use: Potion            |       |     1 |     1 ||     2
 Armour: Scale mail        |   169 |   203 |   235 ||   607
  Dodge: Dodged            |   118 |    86 |   222 ||   426
  Block: Buckler           |    55 |    51 |    94 ||   200

Table legend: (Time is in decaauts)
 A = Elapsed time spent in this place.
 B = Non-inter-level travel time spent in this place.
 C = Inter-level travel time spent in this place.
 D = Time resting spent in this place.
 E = Time spent auto-exploring this place.
 F = Levels seen in this place.
 G = Mean time per level.
                   A        B        C        D        E       F      G
               +--------+--------+--------+--------+--------+-----+--------+
         Total |   4589 |   4520 |     69 |    150 |   1625 |   6 |  764.8 |
       Dungeon |   3860 |   3791 |     69 |    150 |   1625 |   5 |  772.0 |
         Sewer |    729 |    729 |      0 |      0 |      0 |   1 |  729.0 |
               +--------+--------+--------+--------+--------+-----+--------+

Top non-repeatable levels by time:
     D:4: 1089 daAuts
     D:2: 930 daAuts
     D:3: 769 daAuts
     D:1: 756 daAuts
   Sewer: 729 daAuts
     D:5: 314 daAuts
